cohdb
Replays
Latest Replays
All Replays
Popular Replays
Top Player Replays
Match Explorer
How It Works
Community
CoH3 Stats
Reddit
Sign in to upload your games and track your stats! →
Sign in with Steam
Match 42423199
Unlisted
Match 42423199
Overview
Messages
Build Orders
End
Construct Section Command Post
Selects Canadian Shock Battlegroup
Infantry Section
Infantry Section
Infantry Section
Grenade Package
Selects Attacking Spirit
Selects Canadian Shock Section
Construct Field Infirmary
Selects Incendiary Munitions
Vickers Machine Gun Team
BIOHAZARD
7k this year for sure
0
0
Comments
sign in to comment!
No comments posted yet!